AoeStats
← AiM | Facu1414

MegaRandom

506513328Analyzed
4v4 RM · 17d ago on Sep 13, 2026· 29m 53s· 8 players
Game mode
Random Map
Map size
Large (8 player)
Population
200
Speed
Normal
Resources
Standard
Victory
Conquest
Starting age
Dark Age
Ending age
Imperial Age
RankedLock teamsTeams togetherTeam positionsShared explorationLock speedFull tech treeHidden civsTurbo modeCheats
Victory
Defeat
🇦🇺 Teutons · Australia
1722
+9
🇲🇽 Khmer · Mexico
1654
+11
🇨🇱 Ethiopians · Chile
1584
+14
🇦🇷 Lithuanians · Argentina
1550
+15
🇧🇷 Britons · Brazil
1693
-17
🇧🇷 Shu · Brazil
1564
-13
🇧🇷 Spanish · Brazil
1532
-12
🇧🇷 Persians · Brazil
1390
-7
Pez
0:44 Loom
9:19 Feudal Age
9:48 Double-Bit Axe
10:00 Double-Bit Axe
10:38 Horse Collar
12:39 Wheelbarrow
15:22 Castle Age
14:26 Gold Mining
16:15 Bloodlines
16:17 Forging
16:13 Scale Barding Armor
16:13 Heavy Plow
17:51 Iron Casting
20:30 Chain Barding Armor
21:02 Stone Mining
22:02 Hand Cart
21:33 Town Watch
25:25 Imperial Age
25:43 Bow Saw
25:33 Cavalier
26:49 Plate Barding Armor
26:26 Town Watch
28:23 Blast Furnace
28:11 Stone Shaft Mining
27:47 Masonry
30:44 Two-Man Saw
30:15 Crop Rotation
29:49 Caravan
30:22 Town Patrol
30:53 Coinage
30:33 Guilds
|Thepejezombie
1:29 Loom
12:29 Feudal Age
15:11 Castle Age
14:46 Fletching
14:51 Double-Bit Axe
15:16 Crossbowman
15:54 Bodkin Arrow
20:20 Horse Collar
21:36 Bow Saw
28:12 Imperial Age
26:23 Ballistics
26:13 Padded Archer Armor
28:16 Arbalester
28:59 Bracer
30:54 Chemistry
AiM | PoRRo
1:03 Loom
10:16 Feudal Age
14:20 Castle Age
12:46 Fletching
15:14 Crossbowman
15:50 Bodkin Arrow
16:39 Padded Archer Armor
17:27 Ballistics
21:08 Horse Collar
22:47 Thumb Ring
25:32 Wheelbarrow
25:01 Heavy Plow
29:35 Imperial Age
27:29 Double-Bit Axe
28:23 Bow Saw
29:45 Hand Cart
29:22 Gold Mining
29:45 Arbalester
AiM | Facu1414
3:31 Loom
10:01 Feudal Age
17:22 Castle Age
15:10 Double-Bit Axe
15:10 Horse Collar
17:02 Wheelbarrow
16:34 Scale Barding Armor
16:39 Forging
17:16 Forging
16:55 Fishing Lines
17:19 Gold Mining
18:13 Bloodlines
18:59 Iron Casting
18:48 Chain Barding Armor
19:01 Heavy Plow
20:46 Husbandry
22:36 Iron Casting
25:18 Stone Mining
25:45 Bow Saw
26:35 Fervor
27:07 Hand Cart
26:39 Town Watch
26:47 Fletching
rick rush
6:03 Loom
9:17 Feudal Age
14:42 Castle Age
13:40 Bloodlines
14:19 Forging
15:05 Scale Barding Armor
15:28 Double-Bit Axe
18:33 Chain Barding Armor
23:57 Husbandry
23:50 Pikeman
25:31 Iron Casting
NJ
3:11 Loom
9:42 Feudal Age
10:19 Double-Bit Axe
14:13 Fletching
14:36 Padded Archer Armor
18:56 Castle Age
17:38 Gold Mining
18:58 Crossbowman
19:40 Bodkin Arrow
21:41 Thumb Ring
23:37 Ballistics
25:05 Wheelbarrow
26:50 Leather Archer Armor
27:48 Fishing Lines
digitallimao
5:21 Loom
11:03 Feudal Age
12:12 Double-Bit Axe
16:45 Castle Age
15:44 Wheelbarrow
15:23 Bloodlines
15:19 Scale Barding Armor
15:02 Fishing Lines
15:39 Gold Mining
17:29 Forging
17:58 Chain Barding Armor
18:10 Bow Saw
18:51 Husbandry
20:06 Horse Collar
22:13 Forging
25:10 Town Watch
26:44 Iron Casting
26:26 Hand Cart
27:46 Gillnets
28:21 Medium Warships
Fs.Nicolau Mendes
1:18 Loom
13:59 Feudal Age
17:54 Castle Age
19:35 Fletching
25:57 Double-Bit Axe
Connection lost

Rejoining the realm…

Still unreachable

The connection could not be restored.

Session expired

The server has moved on; the page needs a fresh start.